 Dungeon Crawl Stone Soup version 0.29-a0-845-g6161e89988 (webtiles) character file.

Game seed: 12063767524688782158

28 mathmaestro the Grave Robber (level 3, 23/26 HPs)
             Began as a Demonspawn Necromancer on July 15, 2022.
             Quit the game on level 1 of the Dungeon.
             The game lasted 00:02:23 (1065 turns).

mathmaestro the Grave Robber (DsNe)                 Turns: 1065, Time: 00:02:23

Health: 23/26      AC:  3    Str:  8    XL:     3   Next: 0%
Magic:  6/6        EV: 11    Int: 18    God:
Gold:   40         SH:  0    Dex: 13    Spells: 5/6 levels left

rFire   . . .      SeeInvis .   a - +3 dagger (venom)
rCold   . . .      Faith    .   (no shield)
rNeg    . . .      Spirit   .   e - +0 leather armour
rPois   +          Reflect  .   (no helmet)
rElec   .          Harm     .   (no cloak)
rCorr   .          Rampage  .   (no gloves)
Will    .....                   (no boots)
Stlth   ++........              (no amulet)
HPRegen 0.08/turn               c - ring of poison resistance
MPRegen 0.10/turn               (no ring)

@: no status effects
A: hooves 1, ignite blood 1
a: no special abilities


You were on level 1 of the Dungeon.
You visited 1 branch of the dungeon, and saw 1 of its levels.

You collected 40 gold pieces.

Inventory:

Hand Weapons
 a - a +3 dagger of venom (weapon)
 d - a +0 short sword
Armour
 e - a +0 leather armour (worn)
Jewellery
 c - a ring of poison resistance (left hand)
Scrolls
 f - 2 scrolls of blinking {unknown}
 g - a scroll of teleportation {unknown}
 h - 2 scrolls of identify {unknown}
 i - a scroll of amnesia {unknown}
Potions
 b - a potion of magic


   Skills:
 + Level 1.0 Fighting
 + Level 0.3 Armour
 - Level 2.0 Dodging
 - Level 2.0 Stealth
 + Level 2.3 Spellcasting
 + Level 4.7 Necromancy


You had 5 spell levels left.
You knew the following spells:

 Your Spells              Type           Power      Damage    Failure   Level
a - Necrotise             Necr           76%        1d7       3%          1

Your spell library contained the following spells:

 Spells                   Type           Power      Damage    Failure   Level
 Vampiric Draining        Necr           19%        2d7       11%         3
 Animate Dead             Necr           19%        N/A       34%         4
 Agony                    Necr           19%        N/A       69%         5


Dungeon Overview and Level Annotations

Branches:
Dungeon (1/15)

Altars:


Innate Abilities, Weirdness & Mutations

You have large cloven feet.
Your demonic aura sometimes causes spilled blood to erupt in flames.


Message History

There is an open door here.
You hit the rat. You kick the rat, but do no damage.
The rat is moderately wounded.
The rat barely misses you.
You hit the rat.
You kill the rat!
No target in view!
No target in view!
No target in view!
You see here a rat corpse.
A kobold and a bat come into view.
Found a runed sapphire ring and 6 gold pieces.
A jackal and a ball python come into view.
Found 10 gold pieces and 7 stones.
The jackal barks!
The bat hits you but does no damage.
You barely miss the kobold. The bat barely misses you.
The kobold hits you but does no damage.
You closely miss the kobold.
The ball python hisses angrily.
You kick the kobold.
The kobold is severely wounded.
The bat hits you but does no damage.
The kobold hits you with a +0 short sword.
You hit the kobold.
You kill the kobold!
The bat barely misses you. The bat closely misses you.
You closely miss the jackal. You kick the jackal, but do no damage.
The bat barely misses you. The jackal misses you.
The jackal bites you but does no damage.
You hit the jackal.
The jackal is poisoned.
The jackal is severely wounded.
You kill the jackal!
The bat closely misses you.
You have reached level 3!
Your experience leads to an increase in your attributes!
Increase (S)trength, (I)ntelligence, or (D)exterity?
You feel clever. x2; Your demonic ancestry asserts itself...
Your blood heats up.
Are you sure you want to abandon this character and quit the game? (Confirm with "yes".)

## .# ########### .#
##........... .#
..$..........
.#########
#...........
.........# ...........
########.# #........
.......#.#
#.##b.......
######.#.# #=.S@..#+#
.......#.#...($##....#
########.##.##.##.##.#
# #.# .##.......#+####
##### #.#
....##.#.......# ....#
#.# #.# #.#.......#
.##.# #.# #.#
#.#.......#
.##'####.#.#.#
##.#.†.....#
.........#.#.#
#..#.......#


You could see a bat and a ball python.

Vanquished Creatures
  A dart slug (D:1)
  2 bats (D:1)
  2 endoplasms (D:1)
  A giant cockroach (D:1)
  A goblin (D:1)
  3 hobgoblins (D:1)
  A jackal (D:1)
  3 kobolds (D:1)
  2 quokkas (D:1)
  3 ball pythons (D:1)
  A frilled lizard (D:1)
  3 rats (D:1)
23 creatures vanquished.

Notes
Turn   | Place    | Note
-------+----------+-------------------------------------------
     0 | D:1      | mathmaestro the Demonspawn Necromancer began the quest for
                  | the Orb.
     0 | D:1      | Reached XP level 1. HP: 13/13 MP: 3/3
   245 | D:1      | Discovered your monstrous ancestry.
   245 | D:1      | Gained mutation: You have large cloven feet. [demonic
                  | ancestry]
   245 | D:1      | Reached XP level 2. HP: 20/20 MP: 1/5
   948 | D:1      | Reached skill level 1 in Fighting
  1065 | D:1      | Gained mutation: Your demonic aura sometimes causes spilled
                  | blood to erupt in flames. [demonic ancestry]
  1065 | D:1      | Reached XP level 3. HP: 23/26 MP: 6/6
  1065 | D:1      | Quit the game

Illustrated notes

Levels and vault maps discovered:
D:1:      elethiomel_arrival_infinity_welcomes_careful_drivers, layout_basic,
          chequers_garden, minmay_tetromino_o4

Skill      XL: |  1  2 |
---------------+-------+-----
Stealth        | 2 |  2.0
Dodging        | 2 |  2.0
Fighting       | 1 |  1.0
Armour         | |  0.3
Spellcasting   | |  2.3
Necromancy     | |  4.7

Action                   || total
-------------------------++-------
Melee: Unarmed           ||     3
       Dagger            ||    26
       Kick              ||     6
       Punch             ||     1
 Cast: Necrotise         ||    21
 Stab: Sleeping          ||     1
Armor: Robe              ||     1
       Leather armour    ||     8
Dodge: Dodged            ||    18

Table legend: (Time is in decaauts)
 A = Elapsed time spent in this place.
 B = Non-inter-level travel time spent in this place.
 C = Inter-level travel time spent in this place.
 D = Time resting spent in this place.
 E = Time spent auto-exploring this place.
 F = Levels seen in this place.
 G = Mean time per level.
                   A        B        C        D        E       F      G
               +--------+--------+--------+--------+--------+-----+--------+
         Total |   1063 |   1063 |      0 |     60 |    823 |   1 | 1063.0 |
       Dungeon |   1063 |   1063 |      0 |     60 |    823 |   1 | 1063.0 |
               +--------+--------+--------+--------+--------+-----+--------+

Top non-repeatable levels by time:
     D:1: 1063 daAuts
